 Dungeon Crawl Stone Soup version 0.27-a0-926-g0e6d9124c6 (webtiles) character file.

Game seed: 10503894277054101005

30 DarkShadow the Shield-Bearer (level 3, -10/33 HPs)
             Began as a Minotaur Fighter on Apr 10, 2021.
             Mangled by Sigmund
             ... wielding a +0 scythe
              (11 damage)
             ... on level 2 of the Dungeon.
             The game lasted 00:01:39 (949 turns).

DarkShadow the Shield-Bearer (Minotaur Fighter)      Turns: 949, Time: 00:01:40

Health: -10/33     AC:  7    Str: 21    XL:     3   Next: 3%
Magic:  2/2        EV:  7    Int:  5    God:
Gold:   30         SH:  9    Dex:  9    Spells: 2/2 levels left

rFire    . . .     SeeInvis .   a - +1 war axe
rCold    . . .     Faith    .   c - +0 kite shield
rNeg     . . .     Spirit   .   b - +0 scale mail
rPois    .         Reflect  .   (helmet restricted)
rElec    .         Harm     .   (no cloak)
rCorr    .         Rampage  .   (no gloves)
Will     .....                  (no boots)
Stlth    ..........             (no amulet)
HPRegen  0.11/turn              (no ring)
MPRegen  0.08/turn              (no ring)

@: mighty
A: horns 2, retaliatory headbutt
a: no special abilities


You were on level 2 of the Dungeon.
You visited 1 branch of the dungeon, and saw 2 of its levels.

You collected 30 gold pieces.

Inventory:

Hand Weapons
 a - a +1 war axe (weapon)
Armour
 b - a +0 scale mail (worn)
 c - a +0 kite shield (worn)
Scrolls
 e - 2 scrolls of immolation
 f - 2 scrolls of enchant armour {unknown}
Potions
 d - a potion of might


   Skills:
 + Level 3.9 Fighting
 + Level 3.0 Axes
 + Level 4.0 Armour
 + Level 0.2 Dodging
 + Level 4.1 Shields


You had 2 spell levels left.
You didn't know any spells.
Your spell library was empty.

Dungeon Overview and Level Annotations

Branches:
Dungeon (2/15)

Altars:

Annotations:
D:2 Sigmund


Innate Abilities, Weirdness & Mutations

You have a pair of horns on your head.
You reflexively headbutt those who attack you in melee.


Message History

The adder is heavily wounded.
Your scale mail prevents you from hitting the dart slug.
The adder bites you but does no damage. You block the adder's attack.
The dart slug bites you but does no damage.
You slash the adder!
You kill the adder!
You hit the dart slug.
You kill the dart slug!
Your Axes skill increases to level 3!
Your Armour skill increases to level 4!
You have reached level 3!
Your experience leads to an increase in your attributes!
Increase (S)trength, (I)ntelligence, or (D)exterity?
You feel stronger.
f - 2 scrolls labelled ZAZ YS HELUDGH HP restored.
Found a helmet.
Sigmund the Dreaded comes into view.
He is wielding a +0 scythe.
Sigmund casts a spell at himself.
Sigmund flickers and vanishes!
Deactivating autopickup; reactivate with Ctrl-A.
A magic dart appears from out of thin air!
The magic dart hits you.
Found a mace.
You feel very mighty all of a sudden.
You hear some strange, mumbled words.
You are confused.
You hear some strange, mumbled words.
Something tries to affect you, but you resist.
You bump into the rock wall.
Something hits you!
You bump into the rock wall.
You hear some strange, mumbled words.
Something tries to affect you, but you resist.
You miss something. Your headbutt misses something. Something hits you!
Something hits you.
You completely miss something. Your headbutt misses something.
You feel less confused. Something hits you!
* * * LOW HITPOINT WARNING * * *
Something hits you!
You die...

##### #...#
###########...#
#.@...........###
##.######.........#
#.................#
#.....####.........#
#)...## #.........##
#.#.## #.###......##
#.#.# ##.##.##...#.#
#.#.# #.....#^#.....
#.#.# #..##.##..#


There were no monsters in sight!

Vanquished Creatures
  An adder (D:2)
  A dart slug (D:2)
  A bat (D:1)
  2 endoplasms (D:1)
  A giant cockroach (D:1)
  2 hobgoblins (D:1)
  A quokka (D:1)
  5 ball pythons
  A frilled lizard (D:1)
  2 kobolds (D:1)
  4 rats
21 creatures vanquished.

Notes
Turn   | Place    | Note
-------+----------+-------------------------------------------
     0 | D:1      | DarkShadow the Minotaur Fighter began the quest for the
                  | Orb.
     0 | D:1      | Reached XP level 1. HP: 19/19 MP: 0/0
    85 | D:1      | Found a faded altar of an unknown god.
   261 | D:1      | Reached XP level 2. HP: 22/27 MP: 1/1
   875 | D:2      | Reached XP level 3. HP: 30/33 MP: 2/2
   927 | D:2      | Noticed Sigmund
   949 | D:2      | HP: 1/33 [something (9)]
   949 | D:2      | Mangled by Sigmund

Illustrated notes

Levels and vault maps discovered:
D:1:      evilmike_arrival_plus, layout_loops_cross, basic_ecumenical_altar
D:2:      layout_loops_ring, basic_altar, uniq_sigmund

Skill      XL: |  1  2 |
---------------+-------+-----
Shields        | 4 |  4.1
Axes           | 3 |  3.0
Armour         | 4 |  4.0
Fighting       | |  3.9
Dodging        | |  0.2

Action                   || total
-------------------------++-------
Melee: War axe           ||    52
       Headbutt          ||     5
  Use: Scroll            ||     3
       Potion            ||     1
Armor: Scale mail        ||    25
Dodge: Dodged            ||    25
Block: Kite shield       ||    30

Table legend: (Time is in decaauts)
 A = Elapsed time spent in this place.
 B = Non-inter-level travel time spent in this place.
 C = Inter-level travel time spent in this place.
 D = Time resting spent in this place.
 E = Time spent auto-exploring this place.
 F = Levels seen in this place.
 G = Mean time per level.
                   A        B        C        D        E       F      G
               +--------+--------+--------+--------+--------+-----+--------+
         Total |    978 |    978 |      0 |      0 |    710 |   2 |  489.0 |
       Dungeon |    978 |    978 |      0 |      0 |    710 |   2 |  489.0 |
               +--------+--------+--------+--------+--------+-----+--------+

Top non-repeatable levels by time:
     D:1: 874 daAuts
     D:2: 104 daAuts
